 Dungeon Crawl Stone Soup version 0.27.0-1-g7a089689b8 (webtiles) character file.

Game seed: 5252520935078714167

66 theswoord the Twirler (level 3, 27/27 HPs)
             Began as a Demonspawn Gladiator on Aug 5, 2021.
             Was an Initiate of Ashenzari.
             Got out of the dungeon alive.
             The game lasted 00:01:56 (1535 turns).

theswoord the Twirler (Demonspawn Gladiator)        Turns: 1535, Time: 00:01:57

Health: 27/27      AC:  7    Str: 15    XL:     3   Next: 96%
Magic:  3/3        EV: 10    Int:  9    God:    Ashenzari [......]
Gold:   122        SH:  0    Dex: 14    Spells: 2/2 levels left

rFire    . . .     SeeInvis .   a - +1 quarterstaff
rCold    . . .     Faith    .   (shield currently unavailable)
rNeg     . . .     Spirit   .   g - +0 scale mail
rPois    .         Reflect  .   c - +0 helmet
rElec    .         Harm     .   (no cloak)
rCorr    .         Rampage  .   (no gloves)
Will     .....                  (no boots)
Stlth    ..........             (no amulet)
HPRegen  0.09/turn              (no ring)
MPRegen  0.08/turn              (no ring)

@: no status effects
A: hooves 1, demonic magic 1
a: Renounce Religion, Curse Item


You escaped.
You worshipped Ashenzari.
Ashenzari was noncommittal.
You visited 1 branch of the dungeon, and saw 2 of its levels.

You collected 122 gold pieces.

Inventory:

Hand Weapons
 a - a +1 quarterstaff (weapon)
Missiles
 d - 3 throwing nets (quivered)
Armour
 b - a +0 leather armour
 c - a +0 helmet (worn)
 g - a +0 scale mail (worn)
Jewellery
 i - a +6 ring of dexterity
Scrolls
 f - a scroll of magic mapping
 m - a scroll of immolation
Potions
 e - a potion of curing
 h - a potion of might
 j - a potion of degeneration
 k - a potion of heal wounds
 l - a potion of attraction


   Skills:
 - Level 2.0 Fighting
 + Level 4.4 Staves
 - Level 1.7 Throwing
 - Level 2.6 Dodging


You had 2 spell levels left.
You didn't know any spells.
Your spell library was empty.

Dungeon Overview and Level Annotations

Branches:
Dungeon (2/15)

Altars:
Ashenzari


Innate Abilities, Weirdness & Mutations

You have large cloven feet.
Spells you cast may paralyse adjacent enemies.


Message History

You kill the worm!
No target in view!
Things that are here:
a +0 dagger; a worm corpse; a kobold corpse A rat comes into view.
Found a scroll labelled JACIYS QUUG.
A rat is nearby!
The rat misses you.
You hit the rat.
You kill the rat!
No target in view!
There is a fountain of clear blue water here.
There is a faded altar of an unknown god here.
You cannot tell which god this altar belongs to.
Convert to them anyway?
Ashenzari accepts your prayer! Ashenzari welcomes you!
e - a potion of curing;
f - a scroll of magic mapping
j - a potion of degeneration;
k - a potion of heal wounds
l - a potion of attraction;
m - a scroll of immolation Ashenzari warns you of distant threats and treasures.
Ashenzari reveals the structure of the dungeon to you.
Ashenzari shows you where magical portals lie.
Ashenzari prevents you from stumbling into unseen traps.
Ashenzari identifies your possessions.
(D) Dungeon
Where to? (Enter - D:2 @ (x,y), ? - help) Ashenzari invites you to partake of a vision and a curse of melee combat and introspection.
(D) Dungeon
Where to? (Enter - D:1, ? - help)
There is a stone staircase leading up here.
You climb upwards.
There is a stone staircase leading down here.
(D) Dungeon
Where to? (Enter - D:1, ? - help)
Okay, then.
As you open the door, it creaks loudly!
There is an open door here.
There is a staircase leading out of the dungeon here.
You can't go down here!
Unknown command.
You can't go down here!
Unknown command.
Are you sure you want to leave the Dungeon?
This will make you lose the game!
You have escaped!

...#.#####.##.#.###.....# #.##.#
...#..[....##.##.#.###### #.....
....######.............########.#
....# #.#####'#####....# #.#
....# #.#PPP#.#PPP#.##.# #:#
....# #.#P⌠P#.#P⌠P#....#####.#
....# #.#PPP#.#PPP#..........#
###.######.#####.#####.##.#######
......#....+....@....+....#
..#.#.#.##.#####.#####.##.#
..#.#.#.##.#PPP#.#PPP#....#
........##.#P⌠P#.#P⌠P#.####
..###.####.#PPP#.#PPP#.# ..###.#
##.#####'#####.#
......###..............#
#.#..............#######
....#####.########


There were no monsters in sight!

Vanquished Creatures
  A howler monkey skeleton (D:2)
  An adder (D:2)
  A worm (D:2)
  A dart slug (D:2)
  2 bats (D:2)
  2 endoplasms (D:2)
  2 giant cockroaches
  4 goblins
  3 hobgoblins (D:1)
  4 jackals (D:2)
  7 kobolds
  A quokka (D:1)
  5 ball pythons
  A frilled lizard (D:1)
  3 rats
38 creatures vanquished.

Vanquished Creatures (collateral kills)
  A bat (D:2)
1 creature vanquished.

Grand Total: 39 creatures vanquished

Notes
Turn   | Place    | Note
-------+----------+-------------------------------------------
     0 | D:1      | theswoord the Demonspawn Gladiator began the quest for the
                  | Orb.
     0 | D:1      | Reached XP level 1. HP: 16/16 MP: 1/1
    84 | D:1      | Reached skill level 3 in Staves
   460 | D:1      | Gained mutation: You have large cloven feet. [demonic
                  | ancestry]
   460 | D:1      | Reached XP level 2. HP: 19/22 MP: 2/2
  1005 | D:2      | Gained mutation: Spells you cast may paralyse adjacent
                  | enemies. [demonic ancestry]
  1005 | D:2      | Reached XP level 3. HP: 26/27 MP: 3/3
  1043 | D:2      | Reached skill level 4 in Staves
  1286 | D:2      | Found a faded altar of an unknown god.
  1488 | D:2      | Became a worshipper of Ashenzari the Shackled
  1535 | D:$      | Got out of the dungeon alive.

Skill      XL: |  1  2  3 |
---------------+----------+-----
Staves         | 3 4 |  4.4
Fighting       | |  2.0
Throwing       | |  1.7
Dodging        | |  2.6

Action                   || total
-------------------------++-------
Melee: Quarterstaff      ||    89
       Kick              ||    11
  Use: Scroll            ||     2
Armor: Scale mail        ||    32
       Leather armour    ||     2
Dodge: Dodged            ||    54

Levels and vault maps discovered:
D:1:      beargit_arrival_greenhouse, layout_loops_cross,
          minmay_misc_feat_doors, minmay_misc_feat_chi, minmay_nonomino_d4
D:2:      layout_rooms, hellmonk_ecumenical_altar_dog_temple, skrybe_limestone_x
